 Dungeon Crawl Stone Soup version 0.30.1-11-g7821555f0a (webtiles) character file.

Game seed: 11931849451233662795

53 Wiggles the Chopper (level 3, -4/33 HPs)
             Began as a Minotaur Berserker on Dec 5, 2023.
             Was a Follower of Trog.
             Slain by an orc
             ... wielding a +0 trident
              (7 damage)
             ... on level 2 of the Dungeon.
             The game lasted 00:02:30 (549 turns).

Wiggles the Chopper (Minotaur Berserker)             Turns: 549, Time: 00:02:31

Health: -4/33      AC:  6    Str: 23    XL:     3   Next: 62%
Magic:  2/2        EV: 10    Int:  4    God:    Trog [*.....]
Gold:   40         SH:  0    Dex:  9    Spells: 2/2 levels left

rFire   + . .        a - +0 hand axe
rCold   + . .        (no shield)
rNeg    . . .        c - +0 scale mail
rPois   +            (helmet restricted)
rElec   +            (no cloak)
rCorr   +            (no gloves)
SInv    .            (no boots)
Will    .....        (no amulet) Stlth
                     (no ring)
HPRegen 0.25/turn    (no ring)
MPRegen 0.08/turn

%: no passive effects
@: confused, brilliant, lethally poisoned (-4 -> -5), resistant, on berserk
cooldown, slowed, very slow
A: horns 2, retaliatory headbutt
a: Renounce Religion, Berserk


You were on level 2 of the Dungeon.
You worshipped Trog.
Trog was aware of your devotion.
You visited 1 branch of the dungeon, and saw 2 of its levels.

You collected 40 gold pieces.

Inventory:

Hand Weapons
 a - a +0 hand axe (weapon)
Armour
 c - a +0 scale mail (worn)
Scrolls
 b - 3 scrolls of identify {unknown}
 d - a scroll of poison {unknown}
 g - a scroll of enchant armour {unknown}


   Skills:
 + Level 4.2 Fighting
 + Level 4.8 Axes
 + Level 2.9 Armour
 + Level 2.4 Dodging


You had 2 spell levels left.
You didn't know any spells.
Your spell library was empty.

Dungeon Overview and Level Annotations

Branches:
Dungeon (2/15)

Altars:


Innate Abilities, Weirdness & Mutations

You have a pair of horns on your head.
You reflexively headbutt those who attack you in melee.


Message History

You are poisoned.
You slash the orc!
You kill the orc!
Trog accepts your kill.
You feel sick.
You have reached level 3!
Your experience leads to an increase in your attributes!
Increase (S)trength, (I)ntelligence, or (D)exterity?
You feel stronger. x2
You slash something! Your headbutt misses something.
You feel sick. Something hits you.
* * * LOW HITPOINT WARNING * * *
You slash something! Trog accepts your kill.
Trog appreciates your killing of a magic user.
Reactivating autopickup.
You feel a bit more experienced.
You feel sick.
You feel sick.
The orc shouts!
You hear some strange, mumbled words.
Deactivating autopickup; reactivate with Ctrl-A.
You are confused.
Items here: )) [ ††.
You feel a strong urge to attack something.
You feel sick.
You hear some strange, mumbled words.
A puff of flame appears from out of thin air!
The puff of flame misses you.
An orc priest comes into view. It is wielding a +0 whip.
The orc barely misses you.
You bump into the rock wall.
You feel sick.
The orc priest shouts!
You feel your anger nearly subside.
You are no longer berserk.
You are exhausted.
You feel yourself slow down. Something hits you but does no damage.
Items here: )) [ ††.
You completely miss something.
* * * LOW HITPOINT WARNING * * *
You feel sick.
The orc hits you from afar with a +0 trident!
You die...

.. .. #. #. . #.
... #. .....#.##
....<..S#########
o..#.###{@......#
#.######.# #o#
#.# o.# #.# .#.#
###.##### ##. ###
#.#.# #.......#
#.. ... . ..#
#.#.###.# #.# #.#
.. ..# #.#.###.#
#.# #.##. ..#
#.....#.#


You could see an orc priest, an adder and an orc.

Vanquished Creatures
  An orc wizard (D:2)
  An orc (D:2)
  6 endoplasms (D:1)
  A giant cockroach (D:1)
  2 goblins (D:1)
  4 hobgoblins
  2 quokkas (D:1)
  2 ball pythons (D:1)
  3 frilled lizards (D:1)
  A kobold (D:1)
  3 rats
26 creatures vanquished.

Notes
Turn   | Place    | Note
-------+----------+-------------------------------------------
     0 | D:1      | Wiggles the Minotaur Berserker began the quest for the Orb.
     0 | D:1      | Reached XP level 1. HP: 19/19 MP: 0/0
   112 | D:1      | Reached XP level 2. HP: 27/27 MP: 1/1
   543 | D:2      | Reached XP level 3. HP: 12/33 MP: 2/2
   549 | D:2      | Slain by an orc

Illustrated notes

Levels and vault maps discovered:
D:1:      lightli_iron_boxes, layout_rooms
D:2:      layout_loops_cross, basic_altar, nrook_mini_vaults,
          minmay_tromino_v4_c

Skill      XL: |  1  2 |
---------------+-------+-----
Fighting       | 4 |  4.2
Axes           | 4 |  4.8
Armour         | |  2.9
Dodging        | |  2.4

Action                     || total
---------------------------++-------
  Melee: Hand axe          ||    47
         Headbutt          ||     6
         Punch             ||     1
 Invoke: Berserk           ||     1
    Use: Potion            ||     3
 Armour: Scale mail        ||    18
  Dodge: Dodged            ||    27
